 Dungeon Crawl Stone Soup version 0.27.0-1-g7a089689b8 (webtiles) character file.

Game seed: 8648993464631613261

545 Malachi the Sneak (level 7, -3/61 HPs)
             Began as a Kobold Berserker on Aug 15, 2021.
             Was a Believer of Trog.
             Slain by Spawny's ghost (16 damage)
             ... on level 4 of the Dungeon.
             The game lasted 00:05:28 (5131 turns).

Malachi the Sneak (Kobold Berserker)                Turns: 5131, Time: 00:05:28

Health: -3/61      AC:  4    Str: 14    XL:     7   Next: 53%
Magic:  7/7        EV: 15    Int:  9    God:    Trog [**....]
Gold:   177        SH:  0    Dex: 16    Spells: 6/6 levels left

rFire    . . .     SeeInvis .   a - +0 short sword (spect)
rCold    . . .     Faith    .   (shield restricted)
rNeg     . . .     Spirit   .   b - +0 animal skin
rPois    .         Reflect  .   (no helmet)
rElec    .         Harm     .   j - +0 cloak
rCorr    .         Rampage  .   (no gloves)
Will     ++...                  d - +0 pair of boots
Stlth    ..........             (no amulet)
HPRegen  1.20/turn              (no ring)
MPRegen  0.10/turn              (no ring)

@: berserking, on fire, strong-willed (expiring), regenerating (expiring),
slowed, glowing
A: small, no large weapons, nightstalker 3
a: Renounce Religion, Berserk, Trog's Hand


You were on level 4 of the Dungeon.
You worshipped Trog.
Trog was pleased with you.
You visited 1 branch of the dungeon, and saw 6 of its levels.

You collected 177 gold pieces.

Inventory:

Hand Weapons
 a - a +0 spectral short sword (weapon)
 e - a +2 rapier of draining
Missiles
 n - a throwing net (quivered)
Armour
 b - a +0 animal skin (worn)
 d - a +0 pair of boots (worn)
 j - a +0 cloak (worn)
Wands
 h - a wand of digging (1)
Scrolls
 g - 2 scrolls of identify
 k - a scroll of enchant armour
 l - a scroll of teleportation
 m - a scroll of vulnerability {unknown}
 p - a scroll of noise {unknown}
Potions
 c - 2 potions of curing
 f - 2 potions of lignification
 i - a potion of flight
 o - a potion of might {unknown}


   Skills:
 - Level 3.2 Fighting
 * Level 7.7 Short Blades
 - Level 1.5 Armour
 - Level 2.4 Dodging
 * Level 7.8 Stealth


You had 6 spell levels left.
You didn't know any spells.
Your spell library was empty.

Dungeon Overview and Level Annotations

Branches:
Dungeon (6/15)
 Temple: D:4-7

Altars:
Gozag
Qazlal
Ru
Sif Muna
Vehumet
Xom

Shops:
D:5 **

Annotations:
D:4 exclusion: statue, Angani's ghost, amateur DsWz; Spawny's ghost, novice DjFE; paps's ghost, amateur OpEn


Innate Abilities, Weirdness & Mutations

You are small and have problems with some larger weapons.
You are completely attuned to the shadows.


Message History

Spawny's ghost casts a spell.
Spawny's ghost closely misses you.
A red film seems to cover your vision as you go berserk!
You feel yourself moving faster!
You feel mighty!
You closely miss Spawny's ghost. Spawny's ghost hits you!
Paps's ghost casts a spell at you. You resist with almost no effort.
You hit Spawny's ghost.
Spawny's ghost is lightly damaged.
Spawny's ghost hits you! Paps's ghost casts a spell at you.
You resist with almost no effort.
You puncture Spawny's ghost!
Spawny's ghost is moderately damaged.
You feel the effects of Trog's Hand fading.
Spawny's ghost hits you!
Unknown command.
You hit paps's ghost.
Paps's ghost is lightly damaged.
Paps's ghost hits you but does no damage.
You miss paps's ghost.
Paps's ghost is lightly damaged.
Spawny's ghost closely misses you. Paps's ghost misses you.
You puncture paps's ghost!
Paps's ghost is heavily damaged.
Spawny's ghost sprays you with burning goo.
The sticky flame hits you.
You are covered in liquid flames!
* * * LOW HITPOINT WARNING * * *
Paps's ghost barely misses you.
You puncture paps's ghost!
Paps's ghost is severely damaged.
You are covered in liquid flames!
* * * LOW HITPOINT WARNING * * *
You puncture paps's ghost!
Paps's ghost is almost destroyed.
You are covered in liquid flames!
* * * LOW HITPOINT WARNING * * *
Spawny's ghost hits you!
You die...

#.....# #(#.#<...#
###...# #...†.#
#.#.#.#..# #......
#.....#
#.#.#.#..###.####.
#.....# #.#.#.#....#.#
#. #.....#
#.#.#...[#.#.# #.
#.....#
#.#........#.####.
#.....#
#..######.##......
######.....#
####P⌠P)####..####
#..........# #@W#....
#..####
###......########W#....
###..§.
.................r'....
#.§§≈
###......#######..'....
#≈(§≈ ######## #..'....
#≈.§. #..#.... #≈.≈.
#..#.... #≈.§§ #.##P⌠P
#≈..§ #.# ### #.§≈§


You could see Spawny's ghost, paps's ghost and a quokka (summoned).

Vanquished Creatures
  Grinder (D:4)
  A scorpion (D:3)
  A hound (D:3)
  An orc priest (D:2)
  Crazy Yiuf (D:5)
  An iguana (D:3)
  2 orc wizards (D:2)
  5 adders
  A worm (D:2)
  2 dart slugs (D:3)
  4 orcs
  9 ball pythons
  7 bats
  7 endoplasms
  4 giant cockroaches
  6 goblins
  8 hobgoblins
  3 jackals (D:2)
  3 quokkas
  9 kobolds
  5 rats
81 creatures vanquished.

Notes
Turn   | Place    | Note
-------+----------+-------------------------------------------
     0 | D:1      | Malachi the Kobold Berserker began the quest for the Orb.
     0 | D:1      | Reached XP level 1. HP: 14/14 MP: 1/1
   323 | D:1      | Reached XP level 2. HP: 16/19 MP: 2/2
   447 | D:1      | Reached skill level 1 in Stealth
  1212 | D:1      | Reached skill level 5 in Short Blades
  1212 | D:1      | Reached XP level 3. HP: 23/23 MP: 3/3
  1213 | D:1      | Identified a scroll of acquirement
  1213 | D:1      | Acquired a +2 rapier of draining
  1318 | D:1      | Found a faded altar of an unknown god.
  1994 | D:2      | Reached XP level 4. HP: 28/28 MP: 4/4
  2003 | D:2      | Reached XP level 5. HP: 32/32 MP: 5/5
  2006 | D:2      | Reached ** piety under Trog
  2743 | D:3      | Reached skill level 5 in Stealth
  2743 | D:3      | Reached XP level 6. HP: 22/37 MP: 6/6
  2976 | D:3      | Found a stormy altar of Qazlal.
  3081 | D:3      | You fall into a shaft and drop 3 floors!
  3099 | D:6      | Found an opulent altar of Gozag.
  3120 | D:5      | Entered Level 5 of the Dungeon
  3120 | D:5      | Found a runed translucent door.
  3120 | D:5      | Noticed Crazy Yiuf
  3121 | D:5      | Killed Crazy Yiuf
  3165 | D:5      | Found Ogentab's Specific Store.
  3165 | D:5      | Found Xuafil's General Store.
  3199 | D:4      | Found a sacrificial altar of Ru.
  4045 | D:4      | Noticed Grinder
  4060 | D:4      | Killed Grinder
  4061 | D:4      | Reached XP level 7. HP: 41/41 MP: 7/7
  4162 | D:4      | Found a runed translucent gate.
  4163 | D:4      | Found a runed translucent gate.
  4164 | D:4      | Found a runed translucent gate.
  4376 | D:4      | Found a radiant altar of Vehumet.
  4981 | D:4      | Found a shimmering altar of Xom.
  4992 | D:4      | Found a shimmering blue altar of Sif Muna.
  5115 | D:4      | Noticed Angani's ghost (amateur DsWz)
  5115 | D:4      | Noticed paps's ghost (amateur OpEn)
  5115 | D:4      | Noticed Spawny's ghost (novice DjFE)
  5131 | D:4      | Slain by Spawny's ghost

Illustrated notes

Levels and vault maps discovered:
D:1:      dpeg_arrival_simpleton_c, layout_loops_ring,
          chequers_ecumenical_altar_simple
D:2:      layout_basic, corexii_hall_statues_i
D:3:      layout_loops_ring, lemuel_crystal_altar, st_stairs_13,
          minmay_diced_spiral
D:4:      layout_basic, vehumet_statue, mainiacjoe_overflow_paths,
          amethyst_overflow_temple_binary, gammafunk_ghost_cemetery,
          uniq_grinder
D:5:      layout_loops_ring, mainiacjoe_overflow_brackets, elyvilon_altar_1,
          trog_book, minmay_liquid_box, nicolae_specific_store,
          uniq_crazy_yiuf_cottage
D:6:      layout_basic, pdpol_temple_overflow_zin_treasury_gozag_greed,
          lemuel_round_altar, minmay_temple_entry_enclosed_plants, serial_shops,
          shop_statue, serial_curves, eino_curves_02, eino_curves_03,
          eino_curves_03, eino_curves_03

Skill      XL: |  1  2  3  4  5  6 |
---------------+-------------------+-----
Stealth        | 1 2 3 5 7 |  7.8
Short Blades   | 5 6 7 |  7.7
Fighting       | |  3.2
Armour         | |  1.5
Dodging        | |  2.4

Action                   |  1- 3 |  4- 6 |  7- 9 || total
-------------------------+-------+-------+-------++-------
Melee: Short sword       |    88 |    77 |    19 ||   184
Invok: Berserk           |     1 |     3 |     1 ||     5
       Trog's Hand       |       |     1 |     1 ||     2
  Use: Scroll            |     4 |     4 |       ||     8
 Stab: Sleeping          |    10 |    14 |     9 ||    33
Armor: Animal skin       |    15 |     9 |     1 ||    25
Dodge: Dodged            |    56 |    33 |     5 ||    94
